 Dungeon Sprint DCSS version 0.30.1-11-g7821555f0a (webtiles) character file.

Game seed: 828480853397240407

420 Heoruswealwe the Spear-Bearer (level 6, 0/57 (63) HPs)
             Began as a Minotaur Fighter on Nov 20, 2023.
             Slain by a wight
             ... wielding a +3 falchion of freezing
              (4 damage)
             ... in the Dungeon (Sprint IX: "|||||||||||||||||||||||||||||").
             The game lasted 00:01:13 (126 turns).

Heoruswealwe the Spear-Bearer (Minotaur Fighter)     Turns: 126, Time: 00:01:13

HP:   0/57 (63)     AC:  8    Str: 22    XL:     6   Next: 62%
MP:   5/5           EV:  9    Int:  5    God:
Gold: 0             SH:  4    Dex: 10    Spells: 5/5 levels left

rFire   . . .        a - +0 trident
rCold   . . .        d - +0 buckler
rNeg    . . .        c - +0 scale mail
rPois   .            (helmet restricted)
rElec   .            (no cloak)
rCorr   .            (no gloves)
SInv    .            (no boots)
Will    .....        (no amulet) Stlth
                     (no ring)
HPRegen 0.29/turn    (no ring)
MPRegen 0.09/turn

%: no teleportation
@: drained
A: horns 2, retaliatory headbutt
a: no special abilities


You were in the Dungeon.
You visited 1 branch

Inventory:

Hand Weapons
 a - a +0 trident (weapon)
Armour
 c - a +0 scale mail (worn)
 d - a +0 buckler (worn)
Jewellery
 m - a +3 ring of intelligence
 n - a +2 ring of evasion
Wands
 l - a wand of iceblast (10)
Scrolls
 j - 2 scrolls of blinking
 k - 2 scrolls of amnesia
Potions
 b - a potion of might
 e - 5 potions of curing
 f - a potion of invisibility
 g - a potion of haste
 h - 2 potions of heal wounds
 i - a potion of berserk rage


   Skills:
 + Level 9.3 Fighting
 * Level 12.2 Polearms
 + Level 9.3 Armour
 - Level 3.6 Shields


You had 5 spell levels left.
You didn't know any spells.
Your spell library was empty.

Dungeon Overview and Level Annotations

Branches:
Dungeon (1/1)

Altars:
Cheibriados
Dithmenos
Elyvilon
Fedhas
Gozag
Hepliaklqana
Kikubaaqudgha
Makhleb
Nemelex Xobeh
Okawaru
Qazlal
Ru
Sif Muna
Trog
Uskayaw
Vehumet
Wu Jian
Xom
Yredelemnul
Zin
The Shining One
Jiyva
Lugonu


Innate Abilities, Weirdness & Mutations

You have a pair of horns on your head.
You reflexively headbutt those who attack you in melee.


Message History

You hit the yak. You headbutt the yak!
The yak is severely wounded.
The yak gores you!
You puncture the yak! Your headbutt misses the yak.
The yak is almost dead.
The yak gores you.
You hit the yak.
The yak is almost dead.
The yak gores you.
You hit the yak but do no damage. You headbutt the yak.
You kill the yak!
Your Fighting skill increases to level 9!
Your Polearms skill increases to level 12!
Your Armour skill increases to level 9!
The wight hits you with a +3 falchion of freezing.
You feel drained. The wight freezes you.
There is an open door to the Dungeon, spattered with blood here.
You see here a howler monkey corpse.
You barely miss the wight. The wight hits you but does no damage.
You hit the wight but do no damage. Your headbutt misses the wight.
The wight hits you with a +3 falchion of freezing.
The wight freezes you.
You completely miss the wight. Your headbutt misses the wight.
The wight hits you with a +3 falchion of freezing.
You feel drained. The wight freezes you.
You hit the wight but do no damage. You hit the wight.
Your headbutt misses the wight.
The wight is lightly damaged.
The wight closely misses you.
You hit the wight.
The wight is heavily damaged.
The wight hits you with a +3 falchion of freezing.
You feel drained. The wight freezes you.
* * * LOW HITPOINT WARNING * * *
You completely miss the wight.
The wight is heavily damaged.
The wight hits you with a +3 falchion of freezing!
* * * LOW HITPOINT WARNING * * *
The wight freezes you.
You die...

▓+▓
▓.▓
▓.▓
▓.▓
▓y▓
▓Y▓
▓z▓
▓@▓
▓.▓
▓.▓
▓[▓
▓[▓
▓[▓
▓.▓
▓)▓
▓.▓


You could see a yak, a killer bee and a wight.

Vanquished Creatures
  A wraith (D)
  A yak (D)
  2 howler monkeys (D)
  A hound (D)
  An orc wizard (D)
  A dart slug (D)
  2 orcs (D)
  A jackal (D)
  A kobold (D)
  A ball python (D)
  A rat (D)
13 creatures vanquished.

Notes
Turn   | Place    | Note
-------+----------+-------------------------------------------
     0 | D        | Heoruswealwe the Minotaur Fighter began the quest for the
                  | Orb.
     0 | D        | Reached XP level 1. HP: 19/19 MP: 0/0
     8 | D        | Reached skill level 3 in Polearms
    15 | D        | Reached skill level 4 in Polearms
    21 | D        | Noticed a hound
    21 | D        | Noticed a howler monkey
    21 | D        | Noticed an orc wizard
    37 | D        | Killed an orc wizard
    38 | D        | Reached skill level 5 in Fighting
    38 | D        | Reached skill level 5 in Polearms
    38 | D        | Reached skill level 5 in Armour
    38 | D        | Reached XP level 2. HP: 29/29 MP: 1/1
    38 | D        | Reached XP level 3. HP: 36/36 MP: 2/2
    43 | D        | Reached skill level 7 in Polearms
    43 | D        | Reached XP level 4. HP: 44/44 MP: 3/3
    53 | D        | Reached skill level 8 in Polearms
    60 | D        | Found a snail-covered altar of Cheibriados.
    60 | D        | Found a shadowy altar of Dithmenos.
    60 | D        | Found a white marble altar of Elyvilon.
    60 | D        | Found a blossoming altar of Fedhas.
    60 | D        | Found an opulent altar of Gozag.
    61 | D        | Found a hazy altar of Hepliaklqana.
    62 | D        | Found a viscous altar of Jiyva.
    63 | D        | Found an ancient bone altar of Kikubaaqudgha.
    64 | D        | Found a corrupted altar of Lugonu.
    65 | D        | Found a burning altar of Makhleb.
    66 | D        | Found a sparkling altar of Nemelex Xobeh.
    67 | D        | Found an iron altar of Okawaru.
    68 | D        | Found a stormy altar of Qazlal.
    69 | D        | Found a sacrificial altar of Ru.
    70 | D        | Found a shimmering blue altar of Sif Muna.
    71 | D        | Found a bloodstained altar of Trog.
    72 | D        | Found a hide-covered altar of Uskayaw.
    73 | D        | Found a radiant altar of Vehumet.
    74 | D        | Found an ornate altar of the Wu Jian Council.
    75 | D        | Found a shimmering altar of Xom.
    76 | D        | Found a basalt altar of Yredelemnul.
    77 | D        | Found a glowing silver altar of Zin.
    78 | D        | Found a glowing golden altar of the Shining One.
   102 | D        | Noticed a yak
   102 | D        | Noticed a yak
   102 | D        | Noticed a wraith
   109 | D        | Killed a wraith
   110 | D        | Reached skill level 10 in Polearms
   110 | D        | Reached XP level 5. HP: 52/53 MP: 4/4
   112 | D        | Reached skill level 11 in Polearms
   112 | D        | Reached XP level 6. HP: 62/62 MP: 5/5
   118 | D        | Killed a yak
   119 | D        | Reached skill level 12 in Polearms
   126 | D        | Slain by a wight

Illustrated notes

Levels and vault maps discovered:
D:        linesprint [early_d, line_temple, items_1, d_10, items_2, lair_1,
          lair_end, items_3, orc_1, orc_end, items_4, d_15, swamp_1, shoals_1,
          snake_1, spider_1, d_20, vaults_1, items_5, swamp_end, shoals_end,
          snake_end, spider_end, vaults_end, d_27, items_6, zot_1, zot_end,
          crypt_end, forest_end, elf_end, slime_end, tomb_end, abyss_end,
          pan_hell_end]

Skill      XL: |  1  2  3  4  5  6 |
---------------+-------------------+-----
Fighting       | 5 8 9 |  9.3
Polearms       | 5 7 10 11 12 | 12.2
Armour         | 5 8 9 |  9.3
Shields        | |  3.6

Action                     |  1- 3 |  4- 6 || total
---------------------------+-------+-------++-------
  Melee: Trident           |    22 |    33 ||    55
         Headbutt          |     2 |     8 ||    10
    Use: Potion            |     1 |       ||     1
 Armour: Scale mail        |     4 |     9 ||    13
  Dodge: Dodged            |    12 |     8 ||    20
  Block: Buckler           |     3 |     4 ||     7
